 Dungeon Crawl Stone Soup version 0.30-a0-605-gb2882149bf (webtiles) character file.

Game seed: 13918149005706960709

119 spardeous the Ducker (level 4, 0/18 HPs)
             Began as a Felid Earth Elementalist on Jan 7, 2023.
             Succumbed to an adder's poison
             ... on level 3 of the Dungeon.
             The game lasted 00:05:54 (1965 turns).

spardeous the Ducker (Felid Earth Elementalist)     Turns: 1965, Time: 00:05:55

Health: 0/18       AC:  1    Str:  4    XL:     4   Next: 74%
Magic:  8/8        EV: 22    Int: 19    God:
Gold:   39         SH:  0    Dex: 22    Spells: 6/7 levels left
                                        Lives:  0   Deaths: 1

rFire   . . .      SeeInvis +    (weapon unavailable)
rCold   + . .      Faith    .    (shield unavailable)
rNeg    . . .      Spirit   .    (body armour unavailable)
rPois   .          Reflect  .    (helmet unavailable)
rElec   .          Harm     .    (cloak unavailable)
rCorr   .          Rampage  .    (gloves unavailable)
Will    .....                    (boots unavailable)
Stlth   +++                      (no amulet)
HPRegen 0.23/turn                h - ring of protection from cold
MPRegen 0.11/turn                j - +6 ring of dexterity

@: lethally poisoned (0 -> -3), quick
A: very small, claws 1, fangs 3, see invisible, speed 1, shaggy fur 1, stealthy
paws, no weapons or thrown items, no armour, multi-lived
a: no special abilities


You were on level 3 of the Dungeon.
You visited 1 branch of the dungeon, and saw 4 of its levels.

You collected 39 gold pieces.

Inventory:

Jewellery
 h - a ring of protection from cold (left paw)
 j - a +6 ring of dexterity (right paw)
Scrolls
 c - 2 scrolls of identify {unknown}
 f - a scroll of fog {unknown}
 g - a scroll of teleportation {unknown}
Potions
 a - a potion of magic
 b - a potion of cancellation {unknown}
 d - a potion of curing {unknown}
 e - a potion of invisibility {unknown}
 i - a potion of brilliance {unknown}
 k - 2 potions of mutation {unknown}


   Skills:
 + Level 6.0 Dodging
 - Level 2.6 Stealth
 - Level 2.0 Spellcasting
 - Level 1.1 Transmutations
 + Level 4.6 Earth Magic


You had 6 spell levels left.
You knew the following spells:

 Your Spells              Type           Power      Damage    Failure   Level
a - Sandblast             Erth           38%        2d10      2%          1

Your spell library contained the following spells:

 Spells                   Type           Power      Damage    Failure   Level
 Passwall                 Tmut/Erth      10%        N/A       8%          2
 Beastly Appendage        Tmut           12%        N/A       11%         1
 Wereblood                Tmut           6%         N/A       16%         2
 Necrotise                Necr           4%         1d4       17%         1
 Stone Arrow              Conj/Erth      20%        3d8       21%         3
 Spider Form              Tmut/Pois      3%         N/A       38%         3
 Vampiric Draining        Necr           1%         2d6       45%         3
 Petrify                  Tmut/Erth      12%        N/A       45%         4
 Agony                    Necr           1%         N/A       99%         5


Dungeon Overview and Level Annotations

Branches:
Dungeon (4/15)
 Temple: D:4-7

Altars:

Shops:
D:4 =


Innate Abilities, Weirdness & Mutations

You have sharp claws.
You have razor-sharp teeth.
You have supernaturally acute eyesight. (SInv)
You cover ground quickly. (Speed+)
You are covered in fur. (AC +1)
Your paws help you pounce on unaware monsters.
You are incapable of wielding weapons or throwing items.
You cannot wear armour.
You gain extra lives every three experience levels.


Message History

Have to go through D:4.
Continue? [Y]es or [N]o only, please.
Have to go through D:4.
Continue? [Y]es or [N]o only, please.
Have to go through D:4.
Continue?
Okay, then.
(D) Dungeon
Where to? (Enter - D:2, ? - help)
Okay, then.
A hobgoblin comes into view.
Found 19 gold pieces.
An adder comes into view.
The adder hisses angrily.
The adder misses you. The adder bites you but does no damage.
The adder bites you. The adder misses you. The adder closely misses you.
The adder completely misses you. The adder barely misses you.
The adder completely misses you. The adder bites you.
You are poisoned.
The adder poisons you!
You feel sick. The adder completely misses you.
You feel sick. The adder misses you.
You feel sick. The adder bites you. The adder closely misses you.
You feel sick. The adder closely misses you.
You feel sick.
You are no longer poisoned.
The adder closely misses you. The adder barely misses you.
The adder barely misses you. The adder bites you.
* * * LOW HITPOINT WARNING * * *
You are lethally poisoned!
The adder poisons you!
* * * LOW HITPOINT WARNING * * *
You feel sick. The adder completely misses you.
* * * LOW HITPOINT WARNING * * *
You feel sick. The adder bites you.
* * * LOW HITPOINT WARNING * * *
You die...

#.### #.#.. #.#.#
#.#.## #
#.#..###### #|
#.#..S@...+
#.######....######
###.........#.#
g......#.####.#
#######...##.#.#
.............#.#
#####...#....#.#
...##.#.#$##.#.#
#.##.#.#.# ....


You could see an adder.

Vanquished Creatures
  A scorpion (D:4)
  An orc priest (D:4)
  An orc wizard (D:4)
  3 gnolls (D:4)
  3 adders
  2 worms
  A dart slug (D:3)
  6 orcs
  3 bats (D:2)
  4 endoplasms
  A goblin (D:4)
  2 hobgoblins (D:1)
  10 jackals
  3 kobolds
  2 quokkas
  6 ball pythons
49 creatures vanquished.

Vanquished Creatures (others)
  3 plants (D:4)
3 creatures vanquished.

Grand Total: 52 creatures vanquished

Notes
Turn   | Place    | Note
-------+----------+-------------------------------------------
     0 | D:1      | spardeous the Felid Earth Elementalist began the quest for
                  | the Orb.
     0 | D:1      | Reached XP level 1. HP: 7/7 MP: 4/4
    36 | D:1      | Reached skill level 3 in Dodging
   157 | D:2      | Reached XP level 2. HP: 11/11 MP: 0/6
   468 | D:2      | Reached XP level 3. HP: 14/14 MP: 4/7
   593 | D:2      | Identified the +0 robe of Watchfulness {Contam Rampage
                  | Str+4}
   648 | D:2      | Reached skill level 4 in Dodging
   876 | D:4      | Noticed a scorpion
  1024 | D:4      | Reached XP level 4. HP: 5/18 MP: 4/8
  1379 | D:4      | Killed a scorpion
  1380 | D:4      | Reached skill level 5 in Dodging
  1380 | D:4      | Reached XP level 5. HP: 21/21 MP: 6/9
  1838 | D:4      | Reached skill level 6 in Dodging
  1861 | D:4      | Found Rufoum's Jewellery Shop.
  1909 | D:4      | Killed from afar by an orc priest
  1910 | D:4      | Reached XP level 4. HP: -5/18 MP: 8/8
  1965 | D:3      | Succumbed to an adder's poison

Illustrated notes

Levels and vault maps discovered:
D:1:      dpeg_arrival_water_temple_mockup, layout_basic,
          shapermc_ecumenical_altar_mp_highgroup
D:2:      layout_basic, grunt_ministairs_13, uniq_crazy_yiuf_cottage,
          uniq_sigmund
D:3:      layout_basic
D:4:      cheibrodos_old_hovel, layout_gridville, okawaru_gym_becter,
          serial_shops, nicolae_shop_behind_doors

Skill      XL: |  1  2  3  4  5 |
---------------+----------------+-----
Dodging        | 3 4 5 6 |  6.0
Earth Magic    | 3 4 |  4.6
Stealth        | |  2.6
Spellcasting   | |  2.0
Transmutations | |  1.1

Action                   |  1- 3 |  4- 6 || total
-------------------------+-------+-------++-------
Melee: Unarmed           |     8 |     2 ||    10
 Cast: Sandblast         |    58 |    41 ||    99
Armor: Skin              |     1 |     1 ||     2
Dodge: Dodged            |    39 |    40 ||    79

Table legend: (Time is in decaauts)
 A = Elapsed time spent in this place.
 B = Non-inter-level travel time spent in this place.
 C = Inter-level travel time spent in this place.
 D = Time resting spent in this place.
 E = Time spent auto-exploring this place.
 F = Levels seen in this place.
 G = Mean time per level.
                   A        B        C        D        E       F      G
               +--------+--------+--------+--------+--------+-----+--------+
         Total |   1815 |   1761 |     54 |    145 |    961 |   4 |  453.8 |
       Dungeon |   1815 |   1761 |     54 |    145 |    961 |   4 |  453.8 |
               +--------+--------+--------+--------+--------+-----+--------+

Top non-repeatable levels by time:
     D:4: 871 daAuts
     D:2: 487 daAuts
     D:3: 315 daAuts
     D:1: 141 daAuts
